 Dungeon Crawl Stone Soup version 0.30-a0-728-gc68057be0a (webtiles) character file.

Game seed: 10956705928927645523

47 jimonade the Shield-Bearer (level 3, -1/20 HPs)
             Began as a Vine Stalker Fighter on Jan 30, 2023.
             Slain by Terence
             ... wielding a +0 flail
              (4 damage)
             ... on level 2 of the Dungeon.
             The game lasted 00:01:48 (1251 turns).

jimonade the Shield-Bearer (Vine Stalker Fighter)   Turns: 1251, Time: 00:01:49

Health: -1/20      AC:  6    Str: 18    XL:     3   Next: 70%
Magic:  0/4        EV:  9    Int: 14    God:
Gold:   48         SH:  5    Dex: 15    Spells: 2/2 levels left

rFire   . . .      SeeInvis .    a - +0 rapier
rCold   . . .      Faith    .    c - +0 buckler
rNeg    . . .      Spirit   +    b - +0 scale mail
rPois   .          Reflect  .    (no helmet)
rElec   .          Harm     .    (no cloak)
rCorr   .          Rampage  .    (no gloves)
Will    .....                    (no boots) Stlth
                                 k - amulet of the acrobat
HPRegen 0.23/turn                h - +6 ring of intelligence
MPRegen 0.09/turn                (no ring)

@: studying Throwing
A: fangs 2, magic shield, antimagic bite, no potion heal 2
a: no special abilities


You were on level 2 of the Dungeon.
You visited 1 branch of the dungeon, and saw 2 of its levels.

You collected 48 gold pieces.

Inventory:

Hand Weapons
 a - a +0 rapier (weapon)
Armour
 b - a +0 scale mail (worn)
 c - a +0 buckler (worn)
Jewellery
 h - a +6 ring of intelligence (left hand)
 j - a ring of ice
 k - an amulet of the acrobat (around neck)
Scrolls
 f - a scroll of immolation {unknown}
 i - 2 scrolls of teleportation {unknown}
 l - a scroll of identify {unknown}
Potions
 d - a potion of might
 e - a potion of flight {unknown}
 g - 2 potions of degeneration {unknown}
 m - a potion of brilliance {unknown}


   Skills:
 + Level 3.0 Fighting
 * Level 2.5 Short Blades
 + Level 2.8 Armour
 + Level 0.1 Dodging
 + Level 0.2 Stealth
 + Level 3.0 Shields


You had 2 spell levels left.
You didn't know any spells.
Your spell library contained the following spells:

 Spells                   Type           Power      Damage    Failure   Level
 Freeze                   Ice            0%         1d3       77%         1
 Frozen Ramparts          Ice            0%         1d1       98%         3
 Hailstorm                Conj/Ice       0%         3d3       98%         3


Dungeon Overview and Level Annotations

Branches:
Dungeon (2/15)

Altars:

Annotations:
D:2 Terence


Innate Abilities, Weirdness & Mutations

You have extremely sharp teeth.
When hurt, damage is shared between your health and your magic reserves.
Your bite disrupts and absorbs the magic of your enemies.
Potions cannot restore your health.


Message History

You block the hobgoblin's attack.
You closely miss the hobgoblin. You bite the hobgoblin.
You kill the hobgoblin!
You block Terence's attack.
You see here a hobgoblin corpse.
You barely miss Terence. You bite Terence. You drain his power.
You feel invigorated.
Terence is lightly wounded.
Terence hits you with a +0 flail.
You closely miss Terence. You bite Terence, but do no damage.
Terence hits you with a +0 flail.
You hit Terence but do no damage. You bite Terence, but do no damage.
Terence hits you with a +0 flail.
You hit Terence. You bite Terence, but do no damage.
Terence is lightly wounded.
Terence hits you with a +0 flail.
You hit Terence. Your bite misses Terence.
Terence is moderately wounded.
Terence hits you with a +0 flail.
You hit Terence. Your bite misses Terence.
Terence is heavily wounded.
You block Terence's attack.
You hit Terence.
Terence is severely wounded.
Terence closely misses you.
You hit Terence but do no damage. You bite Terence, but do no damage.
Terence is severely wounded.
Terence hits you with a +0 flail.
You hit Terence but do no damage. You bite Terence, but do no damage.
Terence is severely wounded.
You block Terence's attack. Terence hits you with a +0 flail.
* * * LOW HITPOINT WARNING * * *
You closely miss Terence.
Terence is severely wounded.
Terence hits you with a +0 flail.
* * * LOW HITPOINT WARNING * * *
You closely miss Terence. You bite Terence, but do no damage.
Terence is severely wounded.
Terence hits you with a +0 flail.
You die...

#####.#.......#.#.##
......#............#
......>............#
...................#
..##...............#
..##..#............#
......#.......#...###.#
.>.......#............#
#.##.##########.@@###..
#.# .# #?<.# ..# #
#...# #.# #..... ..##.#
#.....# .....# #..###.#
..#### #.## #.. ### #.#
..


You could see Terence.

Vanquished Creatures
  A dart slug (D:2)
  4 endoplasms (D:2)
  A giant cockroach (D:1)
  5 goblins
  4 hobgoblins
  4 jackals (D:2)
  4 kobolds
  3 ball pythons
  6 bats
  5 frilled lizards
  4 rats
41 creatures vanquished.

Notes
Turn   | Place    | Note
-------+----------+-------------------------------------------
     0 | D:1      | jimonade the Vine Stalker Fighter began the quest for the
                  | Orb.
     0 | D:1      | Reached XP level 1. HP: 11/11 MP: 2/2
   186 | D:1      | Reached XP level 2. HP: 16/16 MP: 3/3
   994 | D:2      | Reached XP level 3. HP: 18/19 MP: 4/4
  1236 | D:2      | Noticed Terence
  1251 | D:2      | Slain by Terence

Illustrated notes

Levels and vault maps discovered:
D:1:      roderic_crop_circles_arrival_small, layout_loops_corners
D:2:      layout_loops_ring, uniq_terence

Skill      XL: |  1  2  3 |
---------------+----------+-----
Short Blades   | 2 |  2.5
Shields        | 3 |  3.0
Fighting       | 3 |  3.0
Armour         | |  2.8
Dodging        | |  0.1
Stealth        | |  0.2

Action                     || total
---------------------------++-------
  Melee: Rapier            ||   110
         Bite              ||    29
 Armour: Scale mail        ||    38
  Dodge: Dodged            ||    48
  Block: Buckler           ||    31

Table legend: (Time is in decaauts)
 A = Elapsed time spent in this place.
 B = Non-inter-level travel time spent in this place.
 C = Inter-level travel time spent in this place.
 D = Time resting spent in this place.
 E = Time spent auto-exploring this place.
 F = Levels seen in this place.
 G = Mean time per level.
                   A        B        C        D        E       F      G
               +--------+--------+--------+--------+--------+-----+--------+
         Total |   1263 |   1220 |     43 |      0 |    940 |   2 |  631.5 |
       Dungeon |   1263 |   1220 |     43 |      0 |    940 |   2 |  631.5 |
               +--------+--------+--------+--------+--------+-----+--------+

Top non-repeatable levels by time:
     D:1: 986 daAuts
     D:2: 276 daAuts
